 Dungeon Crawl Stone Soup version 0.27-a0-597-g524d869a0f (webtiles) character file.

Game seed: 218544483774307727

2075 srzhan31 the Conjurer (level 9, -4/48 HPs)
             Began as a Gargoyle Conjurer on Mar 12, 2021.
             Was a Follower of Vehumet.
             Slain by a two-headed ogre
             ... wielding a +0 giant club
              (6 damage)
             ... on level 8 of the Dungeon.
             The game lasted 00:17:51 (8277 turns).

srzhan31 the Conjurer (Gargoyle Conjurer)           Turns: 8277, Time: 00:17:51

Health: -4/48      AC: 11    Str: 15    XL:     9   Next: 26%
Magic:  13/17      EV: 12    Int: 22    God:    Vehumet [*.....]
Gold:   658        SH:  5    Dex:  8    Spells: 14/18 levels left

rFire    + . .     SeeInvis +   t - +9 flail "Ipute" {drain, +Blink rC- Will+ Str+4}
rCold    . . .     Faith    .   (no shield)
rNeg     + + .     Spirit   .   a - +0 robe
rPois    ∞         Reflect  +   C - +0 helmet
rElec    +         Harm     .   v - scarf {rC+ rF+}
rCorr    .         Rampage  .   (no gloves)
Will     +....                  q - +0 pair of boots
Stlth    ++........             p - amulet of reflection
HPRegen  0.16/turn              k - ring of positive energy
MPRegen  0.15/turn              w - ring of see invisible

@: no status effects
A: negative energy resistance 1, electricity resistance, torment resistance 1,
unbreathing 1, petrification resistance, AC +6
a: Renounce Religion, Evoke Blink


You were on level 8 of the Dungeon.
You worshipped Vehumet.
Vehumet was aware of your devotion.
You visited 1 branch of the dungeon, and saw 8 of its levels.

You collected 658 gold pieces.

Inventory:

Hand Weapons
 h - a +2 dagger of freezing
 t - the +9 flail "Ipute" (weapon) {drain, +Blink rC- Will+ Str+4}
   (You found it on level 5 of the Dungeon)

   A truly terrible weapon, it drains the life of those it strikes.
   It affects your strength (+4).
   It makes you vulnerable to cold.
   It affects your willpower, your defense against some magical effects.
   It lets you blink.
Armour
 a - a +0 robe (worn)
 q - a +0 pair of boots (worn)
 v - a scarf of resistance (worn)
 C - a +0 helmet (worn)
Jewellery
 k - a ring of positive energy (right hand)
 p - an amulet of reflection (around neck)
 w - a ring of see invisible (left hand)
Wands
 g - a wand of acid (15)
 o - a wand of polymorph (7)
 z - a wand of iceblast (7)
Scrolls
 d - 8 scrolls of identify {unknown}
 e - 5 scrolls of teleportation {unknown}
 f - a scroll of immolation {unknown}
 i - 2 scrolls of enchant armour {unknown}
 j - 3 scrolls of magic mapping {unknown}
 m - a scroll of fog {unknown}
 r - 3 scrolls of enchant weapon {unknown}
 s - a scroll of amnesia {unknown}
 y - a scroll of acquirement {unknown}
Potions
 b - 4 potions of heal wounds
 c - 2 potions of flight {unknown}
 l - 4 potions of curing {unknown}
 u - a potion of mutation {unknown}
 x - a potion of brilliance {unknown}
 A - a potion of might {unknown}
 B - a potion of invisibility


   Skills:
 * Level 2.2 Fighting
 * Level 2.4 Maces & Flails
 * Level 3.4 Armour
 * Level 4.6 Dodging
 - Level 2.2 Stealth
 * Level 3.5 Shields
 * Level 5.3 Spellcasting
 * Level 7.6 Conjurations
 * Level 1.5 Translocations
 * Level 1.7 Ice Magic
 * Level 1.1 Evocations


You had 14 spell levels left.
You knew the following spells:

 Your Spells              Type           Power      Damage    Failure   Level
a - Magic Dart            Conj           100%       1d8       1%          1
b - Searing Ray           Conj           78%        3d6       1%          2
c - Freeze                Ice            52%        1d7       4%          1

Your spell library contained the following spells:

 Spells                   Type           Power      Damage    Failure   Level
 Dazzling Flash           Conj/Hex       44%        N/A       6%          3
 Corona                   Hex            5%         N/A       10%         1
 Ensorcelled Hibernation  Hex/Ice        18%        N/A       11%         2
 Iskenderun's Mystic Bla  Conj/Tloc      26%        2d7       14%         4
 Fulminant Prism          Conj/Hex       11%        3d9       21%         4
 Confusing Touch          Hex            5%         N/A       28%         3
 Tukima's Dance           Hex            5%         N/A       28%         3


Dungeon Overview and Level Annotations

Branches:
Dungeon (8/15)             Temple (0/1) D:7
   Lair: D:8-11

Altars:
Ru
Vehumet
Xom

Shops:
D:6 =

Annotations:
D:6 3 runed translucent doors, Lobster4's ghost, novice GnAM; Terrapin's ghost, novice MiBe; coolguy69's ghost, novice HOFi


Innate Abilities, Weirdness & Mutations

Your stone body is resilient. (AC +6)
You are immune to poison.
You resist negative energy. (rN+)
You are resistant to electric shocks. (rElec)
You are resistant to unholy torment.
You can survive without breathing.
You are immune to petrification.


Message History

The searing ray hits the hound skeleton!
The hound skeleton is severely damaged.
The searing ray hits the two-headed ogre!
The two-headed ogre is heavily wounded.
You finish channeling your searing ray.
The two-headed ogre hits you with a +0 giant club!!
You block the two-headed ogre's attack.
The two-headed ogre hits you with a +0 giant club!
The two-headed ogre barely misses you.
You see here a +0 flail.
You see here a bullfrog skeleton.
Items here: )) [ ÷.
Things that are here:
a +0 hand axe; a +0 leather armour; an orc skeleton
Casting: Searing Ray (safe; 1% risk of failure)
Confirm with . or Enter, or press ? or * to list all spells.
Aiming: Searing Ray (safe; 1% risk of failure)
Press: ? - help, Shift-Dir - straight line, f - hound skeleton, p - two-headed ogre
Aim: a hound skeleton (severely damaged, 9% to evade)
The searing ray hits the two-headed ogre!
The two-headed ogre is moderately wounded.
The searing ray hits the hound skeleton.
You destroy the hound skeleton!
Vehumet accepts your kill. (Press . to maintain the ray.)
The searing ray hits the two-headed ogre.
The two-headed ogre is heavily wounded.
The two-headed ogre barely misses you.
The two-headed ogre hits you with a +0 giant spiked club.
The searing ray hits the two-headed ogre.
The two-headed ogre is heavily wounded.
You block the two-headed ogre's attack.
The two-headed ogre hits you with a +0 giant spiked club!!
* * * LOW HITPOINT WARNING * * *
Unknown command.
Unknown command.
Okay, then.
You blink.
The two-headed ogre hits you with a +0 giant club.
You die...

#####
#######.O@#
#....§....#
#.######..#
#.# +..# #.#
#..#### #Z#
#.....# #.#
#.....#
#)######.....#
#..÷).)......#


You could see a two-headed ogre.

Vanquished Creatures
  Eustachio (D:5)
  Menkaure (D:5)
  An orc warrior (D:8)
  A sky beast (D:7)
  3 ogres
  A necrophage (D:6)
  A centaur (D:5)
  A kobold brigand (D:7)
  A wyvern zombie (D:7)
  2 bullfrogs
  A scorpion (D:6)
  4 killer bees (D:7)
  A howler monkey (D:4)
  2 bullfrog zombies
  2 hounds
  2 orc priests
  A bullfrog skeleton (D:4)
  An iguana (D:5)
  Jessica (D:3)
  An orc wizard (D:5)
  4 worker ants
  A hound skeleton (D:8)
  A howler monkey zombie (D:6)
  A gnoll (D:4)
  14 adders
  A shadow imp (D:8)
  An ufetubus (D:6)
  An ooze (D:1)
  An adder zombie (D:7)
  A worm (D:3)
  3 dart slugs
  4 leopard geckos
  18 orcs
  2 ball pythons
  6 giant cockroaches
  8 goblins
  10 hobgoblins
  8 jackals
  12 bats
  3 frilled lizards
  9 kobolds
  A leopard gecko skeleton (D:5)
  A quokka skeleton (D:5)
  9 rats
149 creatures vanquished.

Vanquished Creatures (others)
  3 withered plants (D:6)
3 creatures vanquished.

Grand Total: 152 creatures vanquished

Notes
Turn   | Place    | Note
-------+----------+-------------------------------------------
     0 | D:1      | srzhan31 the Gargoyle Conjurer began the quest for the Orb.
     0 | D:1      | Reached XP level 1. HP: 10/10 MP: 3/3
   509 | D:1      | Reached XP level 2. HP: 9/15 MP: 0/5
   512 | D:1      | Learned a level 2 spell: Searing Ray
   856 | D:1      | Reached skill level 5 in Conjurations
  1094 | D:1      | Reached XP level 3. HP: 19/19 MP: 4/6
  1919 | D:2      | Reached skill level 1 in Shields
  1919 | D:2      | Reached XP level 4. HP: 24/24 MP: 2/7
  2742 | D:3      | Noticed Jessica
  2746 | D:3      | Reached XP level 5. HP: 28/28 MP: 6/9
  2840 | D:3      | Killed Jessica
  3103 | D:3      | Reached skill level 1 in Armour
  3598 | D:3      | Found a sacrificial altar of Ru.
  3599 | D:3      | Found a radiant altar of Vehumet.
  3605 | D:3      | Became a worshipper of Vehumet
  3731 | D:4      | Reached XP level 6. HP: 28/33 MP: 5/11
  3915 | D:4      | Found a shimmering altar of Xom.
  4187 | D:4      | Reached skill level 6 in Conjurations
  4539 | D:4      | Reached XP level 7. HP: 37/37 MP: 8/12
  4780 | D:5      | Entered Level 5 of the Dungeon
  5004 | D:5      | Identified the +9 flail "Ipute" {drain, +Blink rC- Will+
                  | Str+4}
  5461 | D:5      | Noticed Menkaure
  5464 | D:5      | Killed Menkaure
  5498 | D:5      | Noticed Eustachio
  5528 | D:5      | Killed Eustachio
  5529 | D:5      | Reached skill level 1 in Fighting
  5529 | D:5      | Reached XP level 8. HP: 43/43 MP: 2/14
  5632 | D:5      | Reached * piety under Vehumet
  5632 | D:5      | Offered knowledge of Freeze by Vehumet.
  5635 | D:5      | Learned a level 1 spell: Freeze
  5975 | D:6      | Found a runed translucent gate.
  5975 | D:6      | Found a runed translucent gate.
  5975 | D:6      | Found a runed translucent gate.
  5980 | D:6      | Noticed Lobster4's ghost (novice GnAM)
  5980 | D:6      | Noticed coolguy69's ghost (novice HOFi)
  5980 | D:6      | Noticed Terrapin's ghost (novice MiBe)
  6493 | D:6      | Found Hokkyr's Jewellery Emporium.
  6582 | D:6      | You fall into a shaft and drop 1 floor!
  6631 | D:7      | Reached skill level 1 in Maces & Flails
  6833 | D:7      | Reached skill level 7 in Conjurations
  6833 | D:7      | Reached skill level 1 in Ice Magic
  6886 | D:7      | Reached skill level 1 in Translocations
  7041 | D:7      | Found a staircase to the Ecumenical Temple.
  7187 | D:7      | Reached skill level 5 in Spellcasting
  7496 | D:7      | Reached XP level 9. HP: 48/48 MP: 16/16
  7923 | D:8      | Reached skill level 1 in Evocations
  8210 | D:8      | Noticed a two-headed ogre
  8270 | D:8      | HP: 1/48 [two-headed ogre/+0 giant club (20)]
  8277 | D:8      | Slain by a two-headed ogre

Illustrated notes

Levels and vault maps discovered:
D:1:      shiori_shiawase, layout_basic, minmay_pentomino_r2
D:2:      layout_rooms, minmay_curled_crystal
D:3:      layout_rooms, gammafunk_temple_overflow_statue, uniq_jessica
D:4:      layout_loops_ring, tgw_xom
D:5:      layout_loops_ring, guppyfry_early_lair_pool, uniq_eustachio,
          uniq_menkaure
D:6:      layout_cave_pods, serial_shops, shop, gammafunk_ghost_cemetery
D:7:      layout_basic, temple_fountains, kennysheep_generic_room_12
D:8:      layout_rooms, kennysheep_mini_moat, general_overflow_altar,
          fedhas_altar_decomposition, serial_glass, glass_columns_a,
          glass_columns_a

Skill      XL: |  1  2  3  4  5  6  7  8  9 |
---------------+----------------------------+-----
Conjurations   | 5 6 7 |  7.6
Shields        | 1 2 3 |  3.5
Dodging        | 2 3 4 |  4.6
Spellcasting   | 3 4 5 |  5.3
Armour         | 1 2 3 |  3.4
Fighting       | 1 2 |  2.2
Maces & Flails | 1 2 |  2.4
Ice Magic      | 1 |  1.7
Translocations | 1 |  1.5
Evocations     | 1 |  1.1
Stealth        | |  2.2

Action                   |  1- 3 |  4- 6 |  7- 9 || total
-------------------------+-------+-------+-------++-------
Melee: Unarmed           |     8 |     4 |       ||    12
       Flail             |       |       |    12 ||    12
 Cast: Magic Dart        |    38 |    10 |     4 ||    52
       Searing Ray       |    14 |    39 |    45 ||    98
 Abil: Evoke Blink       |       |       |     1 ||     1
Armor: Robe              |    16 |    50 |    20 ||    86
Dodge: Dodged            |    23 |    71 |    21 ||   115
Block: Other             |       |       |    11 ||    11

Table legend: (Time is in decaauts)
 A = Elapsed time spent in this place.
 B = Non-inter-level travel time spent in this place.
 C = Inter-level travel time spent in this place.
 D = Time resting spent in this place.
 E = Time spent auto-exploring this place.
 F = Levels seen in this place.
 G = Mean time per level.
                   A        B        C        D        E       F      G
               +--------+--------+--------+--------+--------+-----+--------+
         Total |   8285 |   8192 |     93 |      0 |   6833 |   8 | 1035.6 |
       Dungeon |   8285 |   8192 |     93 |      0 |   6833 |   8 | 1035.6 |
               +--------+--------+--------+--------+--------+-----+--------+

Top non-repeatable levels by time:
     D:1: 1703 daAuts
     D:7: 1327 daAuts
     D:5: 1154 daAuts
     D:4: 1079 daAuts
     D:2: 1033 daAuts
     D:3: 966 daAuts
     D:6: 653 daAuts
     D:8: 367 daAuts
